Map: Prion Terraces

Players

xKawaiian - Winner!

  • Race: Terran Terran
  • League: Master

Risk

  • Race: Zerg Zerg
  • League: Master

VOD

Have the link to the VOD?

Description

Time

  • Played on: Jan. 12, 2016, 9:02 p.m.
  • Length: 9:03
Show
View Real Time Build Order
Export as new Build Order

xKawaiian Terran - Winner!

Build Orders: Reaper Expand, MMM Bio 

Get SALT Encoding   

  12  0:00  SCV  
  13  0:13  SCV  
  14  0:20  Supply Depot  
  14  0:25  SCV  
  15  0:42  SCV  
  16  0:43  Barracks  
  16  0:48  Refinery  
  16  0:54  SCV  
  17  1:06  SCV  
  18  1:18  SCV  
  19  1:31  Orbital Command  
  19  1:32  Reaper  
  20  1:40  Command Center  
  20  1:49  Supply Depot  
  20  1:56  SCV  
  21  2:04  Barracks Reactor  
  21  2:08  SCV  
  21  2:10  Barracks  
  21  2:15  Barracks  
  22  2:21  SCV  
  23  2:33  SCV  
  24  2:41  Marine x2  
  26  2:45  SCV  
  27  2:53  Orbital Command  
  27  2:57  SCV  
  28  2:59  Marine x2  
  28  3:00  Barracks Tech Lab  
  28  3:04  Factory  
  30  3:07  Refinery, Marine  
  30  3:09  SCV  
  32  3:17  Marine x2  
  34  3:21  SCV, Marauder  
  34  3:23  SCV, Bunker  
  38  3:29  Stimpack  
  38  3:30  Marine  
  39  3:36  Marine  
  39  3:41  SCV  
  41  3:42  SCV  
  41  3:43  Marauder  
  44  3:50  Factory Tech Lab  
  44  3:53  SCV  
  44  3:54  SCV  
  46  3:56  Supply Depot  
  46  4:06  Supply Depot  
  46  4:08  SCV x2, Marine x2  
  46  4:09  Marauder  
  52  4:19  Marine  
  52  4:22  Siege Tank  
  52  4:23  SCV  
  52  4:24  SCV  
  58  4:26  Refinery  
  58  4:30  Marauder  
  60  4:35  SCV  
  60  4:37  SCV  
  62  4:41  Starport  
  62  4:42  Marine  
  63  4:46  Marine  
  63  4:47  SCV  
  63  4:51  Marauder  
  67  4:53  Marine  
  68  5:01  SCV x2  
  70  5:15  Supply Depot  
  70  5:16  Barracks Tech Lab  
  70  5:19  Siege Tank, Marauder  
  77  5:25  SCV  
  77  5:27  Barracks  
  77  5:28  SCV  
  77  5:29  Barracks  
  77  5:32  Barracks Reactor  
  77  5:35  Refinery  
  77  5:36  Combat Shields, Supply Depot  
  77  5:38  Concussive Shells  
  77  5:40  Marauder  
  79  5:45  SCV  
  79  5:46  Supply Depot  
  79  5:48  Marauder  
  82  5:54  Siege Tank  
  85  6:00  Medivac  
  85  6:01  Marine  
  88  6:07  Marine  
  88  6:08  Marine  
  88  6:09  Marine  
  88  6:10  Medivac  
  93  6:15  Barracks Reactor  
  93  6:19  Marine  
  93  6:24  Engineering Bay  
  94  6:25  Marine  
  94  6:30  Medivac  
  97  6:37  Barracks Reactor  
  97  6:40  SCV, Medivac  
  97  6:42  Marine x2  
  97  6:43  Marine  
  102  6:48  Supply Depot  
  102  6:51  Missile Turret  
  102  6:53  Missile Turret  
  102  7:10  Medivac, Marine x6  
  102  7:12  Supply Depot x2  
  110  7:23  Supply Depot  
  110  7:32  Supply Depot, Marine  
  110  7:33  Marine  
  110  7:34  Supply Depot, Medivac, Siege Tank, Marine x2  
  118  7:40  Medivac, Marine  
  118  7:41  Marine  
  120  7:54  Marine x2  
  120  7:55  Marine x2  
  124  8:01  Marine  
  124  8:04  Medivac  
  124  8:08  Siege Tank  
  124  8:10  Medivac  
  128  8:24  Marine x2  
  128  8:25  Marine  
  128  8:26  Marine  
Show
View Real Time Build Order
Export as new Build Order

Risk Zerg 

Build Orders: Hatch First, Muta Ling Bane 

Get SALT Encoding   

  12  0:02  Drone  
  13  0:15  Overlord  
  13  0:18  Drone  
  14  0:34  Drone x2  
  16  0:38  Drone  
  17  0:54  Hatchery  
  16  0:58  Drone x2  
  16  1:03  Extractor  
  17  1:09  Drone  
  18  1:21  Spawning Pool  
  18  1:23  Drone  
  18  1:33  Drone  
  19  1:42  Overlord  
  19  1:54  Drone  
  20  2:04  Drone  
  20  2:07  Queen  
  20  2:08  Queen  
  25  2:12  Extractor  
  25  2:14  Roach Warren  
  23  2:17  Drone  
  23  2:20  Zergling x2  
  25  2:23  Drone  
  25  2:28  Drone  
  27  2:33  Extractor  
  26  2:39  Spine Crawler  
  26  2:44  Drone x2  
  26  2:50  Overlord  
  29  2:55  Roach x2  
  33  3:00  Roach  
  35  3:22  Lair  
  35  3:29  Ravager x3  
  35  3:31  Overlord  
  35  3:34  Drone x5  
  43  3:42  Drone  
  44  3:48  Overlord  
  44  3:54  Drone x4  
  48  3:56  Drone  
  48  3:59  Drone  
  50  4:07  Overlord  
  50  4:09  Drone x2  
  52  4:20  Drone x4  
  56  4:37  Drone x2  
  58  4:39  Drone x3  
  58  4:40  Drone x2  
  58  4:45  Metabolic Boost, Spire  
  62  4:46  Extractor  
  62  4:47  Extractor  
  60  5:02  Drone  
  60  5:03  Drone x3  
  64  5:08  Overlord x2  
  64  5:19  Overlord x3  
  64  5:32  Overseer  
  64  5:41  Zergling x12  
  70  5:44  Zergling x12  
  70  5:45  Hatchery  
  75  6:00  Mutalisk x2  
  79  6:06  Mutalisk x2, Baneling Nest  
  82  6:14  Mutalisk x3  
  82  6:17  Mutalisk  
  90  6:21  Overlord  
  90  6:23  Zergling x6  
  93  6:28  Zerg Flyer Weapons Level 1  
  93  6:34  Mutalisk  
  93  6:36  Zergling x2  
  96  6:43  Zergling x2  
  96  6:44  Hatchery  
  96  6:45  Mutalisk, Overlord  
  98  6:51  Zergling x8  
  102  7:04  Drone  
  103  7:09  Extractor, Centrifical Hooks, Queen  
  103  7:11  Baneling x2  
  103  7:12  Baneling x4  
  103  7:14  Drone, Extractor  
  104  7:17  Overlord  
  104  7:19  Zergling x6  
  104  7:20  Drone x2  
  109  7:25  Zergling x8  
  109  7:27  Drone  
  114  7:35  Baneling  
  114  7:36  Baneling x7  
  114  7:38  Zergling x6  
  114  7:42  Zergling x10  
  121  7:44  Baneling  
  121  7:45  Baneling x4  
  121  7:46  Baneling  
  121  7:48  Drone x2  
  124  7:53  Zergling x4  
  123  8:01  Zergling x2  
  123  8:02  Zergling x2  
  116  8:08  Zergling x4  
  116  8:13  Zergling x6  
  117  8:22  Zergling x2  
  117  8:23  Zergling x2  
  112  8:29  Zergling x2  
  104  8:41  Zergling x2  
Tags
 
Add a new tag
Caveats
  • Supply blocks, unpowered buildings, or Contaminate may cause inaccurate times.
  • Supply counts are checked every 10 seconds.